 Dungeon Sprint DCSS version 0.21-a0-297-ga3d34c2 (webtiles) character file.

863 Kidiri the Thaumaturge (level 7, -11/49 (50) HPs)
             Began as a Deep Elf Fire Elementalist on Sept 28, 2017.
             Was a Follower of Vehumet.
             Killed from afar by a necromancer (31 damage)
             ... with an exploding inner flame
             ... hexed by the player character
             ... in the Dungeon (Sprint III: "The Ten Rune Challenge").
             The game lasted 00:06:13 (858 turns).

Kidiri the Thaumaturge (Deep Elf Fire Elementalist)  Turns: 858, Time: 00:06:14

HP:   -11/49 (50)   AC:  3    Str:  5    XL:     7   Next: 72%
MP:   17/25         EV: 16    Int: 22    God:    Vehumet [*.....]
Gold: 31            SH:  0    Dex: 17    Spells: 13/31 levels left

rFire    . . .     SeeInvis .   s - +0 dagger
rCold    . . .     Gourm    .   (no shield)
rNeg     . . .     Faith    .   a - +0 robe
rPois    .         Spirit   .   (no helmet)
rElec    .         Reflect  .   m - +0 cloak
rCorr    .         Harm     .   (no gloves)
MR       .....     NoTele   +   (no boots)
Stlth    +++.......             (no amulet)
HPRegen  0.16/turn              (no ring)
MPRegen  0.19/turn              (no ring)

@: no status effects
A: thin skeletal structure 1, robust 2, wild magic 1
a: Renounce Religion


You were in the Dungeon.
You worshipped Vehumet.
Vehumet was aware of your devotion.
You were not hungry.

You visited 1 branch You collected 31 gold pieces.

Inventory:

Hand Weapons
 s - a +0 dagger (weapon)
Armour
 a - a +0 robe (worn)
 m - a +0 cloak (worn)
Scrolls
 i - a scroll of blinking
 n - 2 scrolls of holy word
 o - 3 scrolls of identify
 p - 2 scrolls of remove curse
Potions
 d - 3 potions of curing
 e - a potion of heal wounds
 f - a potion of haste
 g - 2 potions of magic
 h - a potion of berserk rage
 q - 4 potions of flight
Books
 b - a book of Flames

   Spells                             Type                      Level
   a - Flame Tongue                   Conjuration/Fire             1
   b - Throw Flame                    Conjuration/Fire             2
   c - Conjure Flame                  Conjuration/Fire             3
   d - Inner Flame                    Hexes/Fire                   3
   e - Sticky Flame                   Conjuration/Fire             4
   f - Fireball                       Conjuration/Fire             5
 r - a book of Misfortune

   Spells                             Type                      Level
   a - Confusing Touch                Hexes                        1
   b - Confuse                        Hexes                        3
   c - Gell's Gravitas                Translocation                3
   d - Petrify                        Transmutation/Earth          4
   e - Metabolic Englaciation         Hexes/Ice                    5
   f - Yara's Violent Unravelling     Hexes/Transmutation          5
Comestibles
 c - a bread ration
 k - 3 royal jellies


   Skills:
 + Level 3.7 Fighting
 + Level 4.6 Short Blades
 + Level 3.7 Armour
 + Level 6.2 Dodging
 - Level 2.4 Stealth
 * Level 12.8 Spellcasting
 + Level 7.7 Conjurations
 + Level 8.4 Fire Magic


You had 13 spell levels left.
You knew the following spells:

 Your Spells              Type           Power        Failure   Level  Hunger
a - Flame Tongue          Conj/Fire      #####        1%          1    None
b - Throw Flame           Conj/Fire      ######       1%          2    None
c - Conjure Flame         Conj/Fire      ######..     1%          3    None
d - Inner Flame           Hex/Fire       #####...     4%          3    None
e - Sticky Flame          Conj/Fire      ######..     3%          4    None
f - Fireball              Conj/Fire      ######....   7%          5    ###....


Dungeon Overview and Level Annotations

Branches:
Dungeon (1/1)

Altars:
Dithmenos
Elyvilon
Kikubaaqudgha
Okawaru
Ru
Sif Muna
Trog
Uskayaw
Vehumet
Wu Jian
Yredelemnul
Zin
The Shining One
Beogh


Innate Abilities, Weirdness & Mutations

You have a somewhat thin skeletal structure. (Dex +2, Stealth)
You are very robust. (+20% HP)
Your spells are a little harder to cast, but a little more powerful.


Message History

Press: ? - help, Shift-Dir - straight line You hear some strange, mumbled words.
Your body is wracked with pain!
The necrophage hits you but does no damage.
Casting: Flame Tongue
Confirm with . or Enter, or press ? or * to list all spells.
Aiming: Flame Tongue
Press: ? - help, Shift-Dir - straight line The necrophage hits you.
You feel your flesh rotting away!
Casting: Flame Tongue
Confirm with . or Enter, or press ? or * to list all spells.
You don't know that spell.
Unknown command.
Casting: Flame Tongue
Confirm with . or Enter, or press ? or * to list all spells.
Aiming: Flame Tongue
Press: ? - help, Shift-Dir - straight line The flame tongue hits something.
The fiery explosion engulfs you!
Ouch! That really hurt!
You die...

▓▓▓▓▓▓▓▓ ▓▓▓ .+...♣.♣
♣.############ .#.....♣♣
♣♣.#___#___#__# ##......♣
♣..#...#__) /_#
.#....≈♣♣♣♣♣.###+#+###'##
.#...≈≈♣..♣♣.#..§n§.....#
.#..≈≈≈÷♣.♣..'.⌠@§......#
'#..≈≈≈≈≈≈...#..§######+#
.#.≈≈≈≈≈≈....#.⌠.#
.#.≈≈≈≈≈.....#...#
.#.≈≈≈.......#+###
##...........#.).#
.............#___#
▓▓▓▓▓▓▓▓▓▓▓▓▓▓▓▓▓▓


You could see a necrophage.

Vanquished Creatures
  A deep elf mage (D)
  A water elemental (D)
  Crazy Yiuf (D)
  A wizard (D)
  3 humans (D)
  A kobold demonologist (D)
  An ooze (D)
  3 rats (D)
12 creatures vanquished.

Vanquished Creatures (others)
  2 draconian scorchers (D)
  2 yaktaurs (D)
  6 hellions (D)
10 creatures vanquished.

Grand Total: 22 creatures vanquished

Notes
Turn   | Place    | Note
-------+----------+-------------------------------------------
     0 | D        | Kidiri the Deep Elf Fire Elementalist began the quest for the Orb.
     0 | D        | Reached XP level 1. HP: 10/10 MP: 6/6
     3 | D        | Reached skill level 4 in Spellcasting
    62 | D        | Killed a yaktaur
    80 | D        | Noticed Crazy Yiuf
    88 | D        | Killed Crazy Yiuf
    88 | D        | Reached skill level 6 in Spellcasting
    88 | D        | Reached XP level 2. HP: 15/15 MP: 3/11
    88 | D        | Reached XP level 3. HP: 19/19 MP: 3/12
    90 | D        | Killed a hellion
    90 | D        | Killed a hellion
    91 | D        | Killed a hellion
    92 | D        | Learned a level 2 spell: Throw Flame
    96 | D        | Learned a level 3 spell: Conjure Flame
   100 | D        | Learned a level 3 spell: Inner Flame
   128 | D        | Gained mutation: Your flesh is cold resistant. (rC+) [potion of mutation]
   128 | D        | Gained mutation: You are partially covered in slimy green scales. (AC +2) [potion of mutation]
   128 | D        | Gained mutation: You have a somewhat thin skeletal structure. (Dex +2, Stealth) [potion of mutation]
   129 | D        | Lost mutation: You are partially covered in slimy green scales. (AC +2) [potion of mutation]
   129 | D        | Lost mutation: Your flesh is cold resistant. (rC+) [potion of mutation]
   129 | D        | Gained mutation: You are weak. (Str -2) [potion of mutation]
   129 | D        | Gained mutation: Scrolls take you a little longer to read. [potion of mutation]
   129 | D        | Gained mutation: You possess an exceptional clarity of mind. [potion of mutation]
   130 | D        | Lost mutation: You possess an exceptional clarity of mind. [potion of mutation]
   130 | D        | Lost mutation: You are weak. (Str -2) [potion of mutation]
   130 | D        | Gained mutation: Your flesh is cold resistant. (rC+) [potion of mutation]
   130 | D        | Gained mutation: You have sharp fingernails. [potion of mutation]
   131 | D        | Lost mutation: Your flesh is cold resistant. (rC+) [potion of mutation]
   131 | D        | Lost mutation: Scrolls take you a little longer to read. [potion of mutation]
   131 | D        | Gained mutation: You are robust. (+10% HP) [potion of mutation]
   131 | D        | Gained mutation: You are very robust. (+20% HP) [potion of mutation]
   132 | D        | Lost mutation: You have sharp fingernails. [potion of mutation]
   132 | D        | Gained mutation: Your spells are a little harder to cast, but a little more powerful. [potion of mutation]
   149 | D        | Killed a hellion
   171 | D        | Reached skill level 7 in Spellcasting
   171 | D        | Reached skill level 5 in Fire Magic
   172 | D        | Killed a white draconian scorcher
   179 | D        | Killed a hellion
   186 | D        | Killed a white draconian scorcher
   219 | D        | Noticed a water elemental
   222 | D        | Killed a water elemental
   222 | D        | Reached skill level 8 in Spellcasting
   222 | D        | Reached skill level 5 in Conjurations
   222 | D        | Reached XP level 4. HP: 28/28 MP: 8/16
   236 | D        | Learned a level 4 spell: Sticky Flame
   272 | D        | Found a radiant altar of Vehumet.
   273 | D        | Found a deep blue altar of Sif Muna.
   273 | D        | Found an ancient bone altar of Kikubaaqudgha.
   273 | D        | Noticed a wizard
   274 | D        | Killed a wizard
   274 | D        | Reached skill level 9 in Spellcasting
   276 | D        | Noticed a red devil
   276 | D        | Reached XP level 5. HP: 33/33 MP: 8/19
   283 | D        | Killed a yaktaur
   290 | D        | Learned a level 5 spell: Fireball
   292 | D        | Became a worshipper of Vehumet
   343 | D        | Found a glowing silver altar of Zin.
   344 | D        | Found a glowing golden altar of the Shining One.
   344 | D        | Found a white marble altar of Elyvilon.
   344 | D        | Noticed a deep elf mage
   355 | D        | Killed a deep elf mage
   355 | D        | Reached skill level 5 in Dodging
   355 | D        | Reached skill level 12 in Spellcasting
   355 | D        | Reached XP level 6. HP: 14/44 MP: 7/23
   355 | D        | Reached XP level 7. HP: 16/49 MP: 7/24
   396 | D        | Killed a hellion
   560 | D        | Found an ornate altar of the Wu Jian Council.
   560 | D        | Found a roughly hewn altar of Beogh.
   560 | D        | Found an iron altar of Okawaru.
   560 | D        | Found a bloodstained altar of Trog.
   560 | D        | Found a hide-covered altar of Uskayaw.
   560 | D        | Noticed a human
   560 | D        | Noticed a human
   566 | D        | Killed a human
   576 | D        | Killed a human
   576 | D        | Reached * piety under Vehumet
   576 | D        | Offered knowledge of Magic Dart by Vehumet.
   841 | D        | Found a basalt altar of Yredelemnul.
   841 | D        | Found a shadowy altar of Dithmenos.
   841 | D        | Found a sacrificial altar of Ru.
   858 | D        | Killed from afar by a necromancer

Vault maps used:
D:        dungeon_sprint_mu

Skill      XL: |  1  2  3  4  5  6  7 |
---------------+----------------------+-----
Spellcasting   | 6 8 9 12 | 12.8
Conjurations   | 3 5 7 |  7.7
Fire Magic     | 4 6 7 8 |  8.4
Fighting       | 3 |  3.7
Short Blades   | 3 4 |  4.6
Armour         | 3 |  3.7
Dodging        | 5 6 |  6.2
Stealth        | |  2.4

Action                   |  1- 3 |  4- 6 |  7- 9 || total
-------------------------+-------+-------+-------++-------
Melee: Quarterstaff      |     1 |     1 |       ||     2
 Cast: Flame Tongue      |    13 |       |    10 ||    23
       Throw Flame       |     2 |       |       ||     2
       Conjure Flame     |     1 |       |     2 ||     3
       Sticky Flame      |       |     4 |     1 ||     5
       Inner Flame       |       |       |     2 ||     2
  Use: Potion            |     5 |       |       ||     5
       Scroll            |       |     1 |       ||     1
Armor: Robe              |       |       |     1 ||     1
Dodge: Dodged            |     1 |       |     4 ||     5

Table legend:
 A = Spawn XP
 B = Non-spawn XP
 C = Spawn XP percentage of total XP
 D = Spawn monster count
 E = Non-spawn monster count
 F = Spawn count percentage of total count
 G = Total turns spent on level
                    A         B        C        D         E        F      G
               +---------+---------+-------+---------+---------+-------+---------
         Total |       0 |    1234 |   0.0 |       0 |      12 |   0.0 |   858
               +---------+---------+-------+---------+---------+-------+---------
             D |       0 |    1234 |   0.0 |       0 |      12 |   0.0 |   858
               +---------+---------+-------+---------+---------+-------+---------
